 Dungeon Sprint DCSS version 0.27-a0-1519-gc8121b24ce (webtiles) character file.

Game seed: 5045554450505856443

637 Conn the Arsonist (level 7, -1/41 HPs)
             Began as an Octopode Fire Elementalist on July 10, 2021.
             Was a Follower of Sif Muna.
             Succumbed to Sonja's curare-tipped dart
             ... in the Dungeon (Sprint I: "Red Sonja").
             The game lasted 00:06:01 (1027 turns).

Conn the Arsonist (Octopode Fire Elementalist)      Turns: 1027, Time: 00:06:05

Health: -1/41      AC:  1    Str:  8    XL:     7   Next: 50%
Magic:  1/16       EV: 14    Int: 19    God:    Sif Muna [*.....]
Gold:   429        SH:  0    Dex: 12    Spells: 3/19 levels left

rFire    . . .     SeeInvis .   b - +0 scythe
rCold    . . .     Faith    .   (shield currently unavailable)
rNeg     . . .     Spirit   .   (helmet restricted)
rPois    .         Reflect  .   (no amulet)
rElec    .         Harm     .   (no ring)
rCorr    .         Rampage  .   (no ring)
Will     .....     NoTele   +   (no ring)
Stlth    ++++......             (no ring)
HPRegen  0.13/turn              (no ring)
MPRegen  0.15/turn              (no ring)
                                (no ring)
                                (no ring)

@: lethally poisoned (-1 -> -37), slowed, very slow
A: almost no armour, amphibious, 8 rings, camouflage 1, gelatinous body 1,
(nimble swimmer 1), tentacles
a: Renounce Religion, Channel Magic


You were in the Dungeon.
You worshipped Sif Muna.
Sif Muna was aware of your devotion.
You visited 1 branch You collected 429 gold pieces.

Inventory:

Hand Weapons
 b - a +0 scythe (weapon)
Scrolls
 f - a scroll of blinking
Potions
 a - a potion of curing


   Skills:
 + Level 0.2 Fighting
 + Level 0.5 Polearms
 + Level 4.2 Dodging
 + Level 5.6 Stealth
 + Level 6.5 Spellcasting
 * Level 5.6 Conjurations
 + Level 12.1 Fire Magic


You had 3 spell levels left.
You knew the following spells:

 Your Spells              Type           Power      Damage    Failure   Level
a - Foxfire               Conj/Fire      100%       2x1d9     1%          1
b - Conjure Flame         Conj/Fire      39%        6-21      1%          3
c - Inner Flame           Hex/Fire       29%        N/A       2%          3
d - Sticky Flame          Conj/Fire      39%        2d6       2%          4
e - Fireball              Conj/Fire      19%        3d9       8%          5

Your spell library contained the following spells:

 Spells                   Type           Power      Damage    Failure   Level


Dungeon Overview and Level Annotations

Branches:
Dungeon (1/1)

Altars:
Cheibriados
Dithmenos
Elyvilon
Fedhas
Gozag
Hepliaklqana
Kikubaaqudgha
Makhleb
Nemelex Xobeh
Okawaru
Qazlal
Ru
Sif Muna
Trog
Uskayaw
Vehumet
Wu Jian
Xom
Yredelemnul
Zin
The Shining One
Jiyva
Lugonu

Shops:
D ?


Innate Abilities, Weirdness & Mutations

You cannot wear most types of armour.
You are amphibious.
You can wear up to eight rings at the same time.
Your skin changes colour to match your surroundings (Stealth+).
Your rubbery body absorbs attacks. (AC +1, EV +1)
((You are camouflaged near water. (Stealth+)))
You have tentacles for arms and can constrict up to eight enemies at once.


Message History

Aiming: Fireball (quite dangerous; 8% risk of failure)
Press: ? - help, Shift-Dir - straight line, f - Sonja
Aim: Sonja, wielding a +2 short sword of distortion and quivering curare-tipped darts The fireball explodes!
The fireball engulfs Sonja!
Sonja is heavily wounded.
Sonja plants her feet in a plie.
Sonja throws a curare-tipped dart.
The curare-tipped dart hits you.
You are poisoned.
You have difficulty breathing.
You feel yourself slow down.
Sonja throws a curare-tipped dart.
The curare-tipped dart hits you.
You are lethally poisoned!
You have difficulty breathing.
You feel as though you will be slow longer.
Casting: Fireball (quite dangerous; 8% risk of failure)
Confirm with . or Enter, or press ? or * to list all spells.
The spell is quite dangerous to cast (8% risk of failure)!
Continue anyway?
Aiming: Fireball (quite dangerous; 8% risk of failure)
Press: ? - help, Shift-Dir - straight line, f/p - Sonja
Aim: Sonja, wielding a +2 short sword of distortion and quivering curare-tipped darts (moderately wounded)
The fireball explodes!
The fireball engulfs Sonja!!
Sonja is almost dead.
You feel extremely sick.
Sonja throws a curare-tipped dart.
The curare-tipped dart hits you.
You are more poisoned.
You have difficulty breathing.
* * * LOW HITPOINT WARNING * * *
You feel as though you will be slow longer.
Casting: Fireball (quite dangerous; 8% risk of failure)
Confirm with . or Enter, or press ? or * to list all spells.
Okay, then.
Casting: Fireball (quite dangerous; 8% risk of failure)
Confirm with . or Enter, or press ? or * to list all spells.
The spell is quite dangerous to cast (8% risk of failure)!
Continue anyway?
Aiming: Fireball (quite dangerous; 8% risk of failure)
Press: ? - help, Shift-Dir - straight line, f/p - Sonja
Aim: Sonja, wielding a +2 short sword of distortion and quivering curare-tipped darts (almost dead)
The fireball explodes!
The fireball engulfs Sonja!!
You kill Sonja!
Sif Muna accepts your kill.
You die...

######################
#<.#.)[..#..'..#__#..+
#..'..#..'..#..'..'..#
#.)#####'#####'#__####
#..####..#...#.####
#..#__####..##.#
#..#_____##'#_.+
#⌠⌠#_.∩...'..._#
####_..__##_@#'#
#_____###'#.# #######
#)### $.$ $.$ ##.##
#+#


There were no monsters in sight!

Vanquished Creatures
  Sonja (D)
  A slime creature (D)
  Sigmund (D)
  A yak (D)
  An ogre (D)
  A jelly (D)
  Ijyb (D)
7 creatures vanquished.

Vanquished Creatures (others)
  33 foxfires (D)
33 creatures vanquished.

Grand Total: 40 creatures vanquished

Notes
Turn   | Place    | Note
-------+----------+-------------------------------------------
     0 | D        | Conn the Octopode Fire Elementalist began the quest for the
                  | Orb.
     0 | D        | Reached XP level 1. HP: 11/11 MP: 3/3
     1 | D        | Noticed Ijyb
    11 | D        | Killed Ijyb
    12 | D        | Reached skill level 5 in Fire Magic
    12 | D        | Reached XP level 2. HP: 11/17 MP: 3/6
    12 | D        | Reached XP level 3. HP: 14/21 MP: 3/7
   171 | D        | Learned a level 3 spell: Conjure Flame
   175 | D        | Learned a level 3 spell: Inner Flame
   175 | D        | Noticed an ogre
   206 | D        | Killed an ogre
   207 | D        | Reached skill level 7 in Fire Magic
   207 | D        | Reached XP level 4. HP: 27/27 MP: 5/10
   208 | D        | Noticed Sigmund
   230 | D        | Killed Sigmund
   231 | D        | Reached skill level 5 in Spellcasting
   231 | D        | Reached skill level 9 in Fire Magic
   231 | D        | Reached XP level 5. HP: 4/31 MP: 11/13
   231 | D        | Reached XP level 6. HP: 5/36 MP: 11/14
   495 | D        | Learned a level 4 spell: Sticky Flame
   501 | D        | Learned a level 5 spell: Fireball
   511 | D        | Found an ornate altar of the Wu Jian Council.
   511 | D        | Found a shimmering blue altar of Sif Muna.
   513 | D        | Found a radiant altar of Vehumet.
   517 | D        | Became a worshipper of Sif Muna the Loreminder
   520 | D        | Reached skill level 10 in Fire Magic
   552 | D        | Found Geitova's Magic Scroll Emporium.
   552 | D        | Found an ancient bone altar of Kikubaaqudgha.
   552 | D        | Found a hazy altar of Hepliaklqana.
   552 | D        | Found a stormy altar of Qazlal.
   552 | D        | Found a hide-covered altar of Uskayaw.
   552 | D        | Found a blossoming altar of Fedhas.
   552 | D        | Found a bloodstained altar of Trog.
   552 | D        | Found an iron altar of Okawaru.
   552 | D        | Found a basalt altar of Yredelemnul.
   552 | D        | Found a glowing golden altar of the Shining One.
   552 | D        | Found a snail-covered altar of Cheibriados.
   552 | D        | Found a sacrificial altar of Ru.
   552 | D        | Found a glowing silver altar of Zin.
   552 | D        | Found a shadowy altar of Dithmenos.
   552 | D        | Found a white marble altar of Elyvilon.
   552 | D        | Noticed a yak
   565 | D        | Killed a yak
   566 | D        | Reached skill level 5 in Stealth
   566 | D        | Reached skill level 5 in Conjurations
   566 | D        | Reached skill level 11 in Fire Magic
   566 | D        | Reached XP level 7. HP: 21/41 MP: 6/16
   722 | D        | Found an opulent altar of Gozag.
   723 | D        | Found a sparkling altar of Nemelex Xobeh.
   738 | D        | Found a burning altar of Makhleb.
   738 | D        | Found a viscous altar of Jiyva.
   738 | D        | Found a shimmering altar of Xom.
   738 | D        | Found a corrupted altar of Lugonu.
   738 | D        | Noticed a slime creature
   749 | D        | Killed a slime creature
   749 | D        | Reached * piety under Sif Muna
   750 | D        | Reached skill level 12 in Fire Magic
  1024 | D        | Noticed Sonja
  1027 | D        | Killed Sonja
  1027 | D        | Succumbed to Sonja's curare-tipped dart

Illustrated notes

Levels and vault maps discovered:
D:        dungeon_sprint_1 [red_sonja_temple_1, red_sonja_temple_small_1]

Skill      XL: |  1  2  3  4  5  6  7 |
---------------+----------------------+-----
Stealth        | 3 4 5 |  5.6
Spellcasting   | 3 4 5 6 |  6.5
Conjurations   | 2 3 4 5 |  5.6
Fire Magic     | 5 7 9 11 12 | 12.1
Dodging        | 3 4 |  4.2
Fighting       | |  0.2
Polearms       | |  0.5

Action                   |  1- 3 |  4- 6 |  7- 9 || total
-------------------------+-------+-------+-------++-------
Melee: Unarmed           |     6 |       |       ||     6
       Constrict         |     1 |       |       ||     1
       Scythe            |       |     1 |       ||     1
 Cast: Foxfire           |     6 |    10 |     3 ||    19
       Conjure Flame     |     2 |     1 |     1 ||     4
       Sticky Flame      |       |     2 |     1 ||     3
       Fireball          |       |       |     3 ||     3
  Use: Potion            |     3 |     2 |       ||     5
Armor: Skin              |       |     1 |       ||     1
Dodge: Dodged            |     2 |     2 |       ||     4

Table legend: (Time is in decaauts)
 A = Elapsed time spent in this place.
 B = Non-inter-level travel time spent in this place.
 C = Inter-level travel time spent in this place.
 D = Time resting spent in this place.
 E = Time spent auto-exploring this place.
 F = Levels seen in this place.
 G = Mean time per level.
                   A        B        C        D        E       F      G
               +--------+--------+--------+--------+--------+-----+--------+
         Total |   1021 |   1021 |      0 |    762 |      0 |   1 | 1021.0 |
       Dungeon |   1021 |   1021 |      0 |    762 |      0 |   1 | 1021.0 |
               +--------+--------+--------+--------+--------+-----+--------+

Top non-repeatable levels by time:
       D: 1021 daAuts
